 Dungeon Crawl Stone Soup version 0.17-a0-737-gf0a300a (webtiles) character file.

142 Kisielow the Shield-Bearer (level 5, -7/47 HPs)
             Began as a Minotaur Fighter on Apr 28, 2015.
             Killed by nerve-wracking pain
             ... invoked by an orc priest
              (13 damage)
             ... on level 3 of the Dungeon.
             The game lasted 00:04:38 (2811 turns).

Kisielow the Shield-Bearer (Minotaur Fighter)       Turns: 2811, Time: 00:04:38

Health: -7/47      AC:  9    Str: 22    XL:     5   Next: 4%
Magic:  4/4        EV:  6    Int:  5    God:
Gold:   154        SH: 10    Dex:  9    Spells: 0 memorised, 4 levels left

rFire  . . .     SeeInvis .     a - +0 long sword
rCold  . . .     Clarity  .     f - +0 chain mail
rNeg   . . .     SustAb   .     c - +0 shield
rPois  .         Gourm    .     (helmet restricted)
rElec  .         Spirit   .     (no cloak)
rCorr  .         Warding  .     (no gloves)
rMut   .         Stasis   .     (no boots)
MR     .....                    (no amulet)
Stlth  ..........               (no ring)
                                (no ring)

@: not resistant to hostile enchantments, extremely unstealthy
A: retaliatory headbutt, horns 2
a: no special abilities


You were on level 3 of the Dungeon.
You were not hungry.

You visited 1 branch of the dungeon, and saw 3 of its levels.

You collected 154 gold pieces.

Inventory:

Hand weapons
 a - a +0 long sword (weapon)
Armour
 c - a +0 shield (worn)
 f - a +0 chain mail (worn)
Magical devices
 q - a wand of digging (13)
 u - a wand of random effects (26)
Scrolls
 g - a scroll of fog {unknown}
 i - a scroll of random uselessness {unknown}
 j - 2 scrolls of immolation {unknown}
 m - 3 scrolls of identify {unknown}
 p - a scroll of remove curse {unknown}
 r - a scroll of magic mapping {unknown}
 t - a scroll of teleportation {unknown}
Potions
 d - a potion of might
 l - a potion of degeneration {unknown}
 n - 2 potions of haste
 o - a potion of heal wounds {unknown}
 s - a potion of resistance {unknown}
Comestibles
 b - a chunk of flesh
 e - 5 bread rations
 h - a beef jerky
 k - 2 meat rations


   Skills:
 * Level 4.4 Fighting
 * Level 3.4 Long Blades
 * Level 4.7 Armour
 * Level 5.0 Shields


You had 4 spell levels left.
You didn't know any spells.

Dungeon Overview and Level Annotations

Branches:
Dungeon (3/15)

Altars:


Innate Abilities, Weirdness & Mutations

You reflexively headbutt those who attack you in melee.
You have a pair of horns on your head.


Message History

The orc priest is severely wounded.
The orc priest mumbles some strange prayers to Beogh against you.
Pain shoots through your body!
* * * LOW HITPOINT WARNING * * *
The orc priest barely misses you. You furiously retaliate!
You headbutt the orc priest!
You kill the orc priest!
Your Shields skill increases to level 5!
You have reached level 5!
You block the orc priest's attack.
Items here: ) [ †† a short sword; a leather armour; an orc corpse; an orc corpse You slash the orc priest!
Your headbutt misses the orc priest.
The orc priest is almost dead.
The orc priest becomes somewhat translucent.
You hit the orc priest.
The orc priest is almost dead.
The orc priest mumbles some strange prayers to Beogh against you.
Pain shoots through your body!
You die...

#.######)...#
#.#
#.........#.#
#.#
########..#.#
#.#
........(.#.#
#.#
.......#.#.#
#.#
.<.....#.#.#
#.#
.......#.#.#
#.#
.#+#+##.#.#
#.# #@#.# #.#
#o#.# #.#
#o#.# #.#
#.#.# #.#
#.#.#####.#
#.#.......#
##########
#.#########
##.........
..#
...########
###


You could see an orc priest and an orc.

Vanquished Creatures
  An orc priest (D:3)
  Robin (D:2)
  2 adders
  3 worms
  2 giant geckos (D:3)
  2 orcs (D:3)
  8 bats
  8 giant cockroaches
  13 goblins
  8 hobgoblins
  6 kobolds
  A quokka (D:2)
  2 ball pythons
  3 giant newts
  7 rats
67 creatures vanquished.

Notes
Turn   | Place    | Note
--------------------------------------------------------------
     0 | D:1      | Kisielow, the Minotaur Fighter, began the quest for the Orb.
     0 | D:1      | Reached XP level 1. HP: 19/19 MP: 0/0
   353 | D:1      | Reached XP level 2. HP: 27/27 MP: 1/1
   406 | D:1      | Reached skill level 4 in Fighting
   933 | D:2      | Reached XP level 3. HP: 17/33 MP: 2/2
  1078 | D:2      | Noticed Robin
  1121 | D:2      | Killed Robin
  1426 | D:2      | Reached XP level 4. HP: 35/40 MP: 3/3
  2808 | D:3      | Reached skill level 5 in Shields
  2808 | D:3      | Reached XP level 5. HP: 5/47 MP: 4/4
  2811 | D:3      | Killed from afar by an orc priest

Action                   |  1- 3 |  4- 6 || total
-------------------------+-------+-------++-------
Melee: Long sword        |   111 |    53 ||   164
  Eat: Chunk             |     1 |     5 ||     6
